 Dungeon Crawl Stone Soup version 0.27.1 (webtiles) character file.

Game seed: 15445442367691752188

3266 pkoi the Grappler (level 9, -8/83 HPs)
             Began as a Troll Monk on Aug 30, 2021.
             Was a High Priest of Nemelex Xobeh.
             Succumbed to a swamp dragon's poison gas
             ... on level 6 of the Dungeon.
             The game lasted 00:13:23 (6063 turns).

pkoi the Grappler (Troll Monk)                      Turns: 6063, Time: 00:13:25

Health: -8/83      AC:  7    Str: 24    XL:     9   Next: 68%
Magic:  14/14      EV: 10    Int:  6    God:    Nemelex Xobeh [*****.]
Gold:   918        SH:  5    Dex: 12    Spells: 8/8 levels left

rFire    . . .     SeeInvis .     - Unarmed
rCold    . . .     Faith    .   (no shield)
rNeg     + . .     Spirit   .   a - +0 robe
rPois    .         Reflect  +   (helmet restricted)
rElec    .         Harm     .   t - +2 cloak {rCorr}
rCorr    +         Rampage  .   (gloves unavailable)
Will     .....                  (boots unavailable)
Stlth    ++........             k - amulet of reflection
HPRegen  1.23/turn              l - ring of positive energy
MPRegen  0.14/turn              (no ring)

@: lethally poisoned (-8 -> -44)
A: large, unfitting armour, claws 3, regeneration 1, shaggy fur 1, tough skin 1
a: Renounce Religion, Draw Escape, Draw Destruction, Draw Summoning, Triple
Draw, Deal Four, Stack Five


You were on level 6 of the Dungeon.
You worshipped Nemelex Xobeh.
Nemelex Xobeh was extremely pleased with you.
You visited 2 branches of the dungeon, and saw 8 of its levels.
You also visited: Ossuary.

You collected 918 gold pieces.

Inventory:

Missiles
 h - 5 large rocks (quivered)
Armour
 a - a +0 robe (worn)
 t - a +2 cloak of preservation (worn)
Jewellery
 k - an amulet of reflection (around neck)
 l - a ring of positive energy (left claw)
 v - a ring of positive energy
Wands
 s - a wand of flame (29)
 x - a wand of iceblast (11)
Scrolls
 b - 4 scrolls of teleportation
 d - a scroll of enchant weapon
 j - 2 scrolls of fear
 n - 2 scrolls of magic mapping
Potions
 c - 2 potions of might
 e - 5 potions of curing {unknown}
 f - a potion of lignification {unknown}
 g - 4 potions of ambrosia {unknown}
 i - 4 potions of brilliance
 m - a potion of invisibility {unknown}
 o - a potion of attraction
 p - a potion of heal wounds
 q - a potion of flight {unknown}
 r - a potion of mutation {unknown}
 w - a potion of degeneration {unknown}


   Skills:
 - Level 3.4 Fighting
 - Level 2.1 Armour
 - Level 2.4 Dodging
 - Level 1.0 Stealth
 * Level 9.8 Unarmed Combat
 * Level 8.3 Invocations


You had 8 spell levels left.
You didn't know any spells.
Your spell library contained the following spells:

 Spells                   Type           Power      Damage    Failure   Level
 Freeze                   Ice            0%         1d3       45%         1
 Frozen Ramparts          Ice            0%         1d2       83%         3
 Hailstorm                Conj/Ice       0%         3d3       99%         4


Dungeon Overview and Level Annotations

Branches:
Dungeon (7/15)             Temple (1/1) D:7         Ossuary (visited)

Altars:
Ashenzari
Dithmenos
Fedhas
Hepliaklqana
Kikubaaqudgha
Makhleb
Nemelex Xobeh
Qazlal
Sif Muna
Trog
Uskayaw
Vehumet
Wu Jian
Xom
Yredelemnul
Zin
The Shining One


Innate Abilities, Weirdness & Mutations

You are too large for most types of armour.
You have claws for hands.
Your natural rate of healing is unusually fast.
You are covered in fur. (AC +1)
You have tough skin. (AC +1)


Message History

The blast of poison engulfs you.
You are poisoned.
A yak comes into view.
The jumping spider hisses angrily.
Unknown command.
You are engulfed in poison gas.
You are more poisoned.
You feel very sick.
You feel very sick.
You feel very sick.
The jumping spider is engulfed in poison gas.
The jumping spider is poisoned.
Unknown command.
Unknown command.
You feel very sick.
The jumping spider leaps!
You feel very sick.
The swamp dragon breathes poison at you.
The blast of poison engulfs you!
You are more poisoned.
The merfolk is engulfed in poison gas.
The merfolk is poisoned.
You hear a bellow!
You are engulfed in poison gas.
You are more poisoned.
You feel extremely sick.
The merfolk is engulfed in poison gas.
The merfolk looks even sicker.
The polar bear is engulfed in poison gas.
The polar bear is poisoned.
You are engulfed in poison gas.
You are more poisoned.
* * * LOW HITPOINT WARNING * * *
x2 You feel extremely sick.
There is a stone staircase leading up here.
You are engulfed in poison gas.
You are more poisoned.
* * * LOW HITPOINT WARNING * * *
x2 You feel extremely sick.
The merfolk is engulfed in poison gas.
The merfolk looks even sicker.
You climb upwards.
You die...
Your body glows with a rainbow of weird colours and disappears.

#......... #.#######.
#######.##### #.
#...........###.
#.#####......).. #.#
##...##.#### ### #.#
#.....#.# ##.#####.#
##...##.#### #.....@..#
##.###..... ##.#######
#.# ###### #..## #.# #
##.#.## ##+## #
##..##.## ##...## #
#.#..##.# ##.....## #
##......# ##.......## #
##.....###.........####
#.......+....[....'...


There were no monsters in sight!

Vanquished Creatures
  Pikel (D:5)
  A wyvern (D:5)
  2 yaks (D:7)
  A fire bat (D:6)
  Menkaure (Ossuary)
  3 water moccasins
  A black bear (D:5)
  An orc warrior (D:6)
  An ice beast (D:7)
  4 centaurs
  4 lemures
  A kobold brigand (D:7)
  4 bullfrogs
  2 scorpions
  2 howler monkeys (D:7)
  A bullfrog zombie (D:6)
  2 centaur skeletons
  A hound (D:3)
  A gnoll shaman (D:6)
  3 iguanas
  3 orc wizards
  Natasha (twice) (D:4)
  A hound zombie (D:4)
  2 hound skeletons (D:4)
  4 mummies
  3 adders
  8 gnolls
  A howler monkey skeleton (D:6)
  2 white imps
  An adder skeleton (D:4)
  4 worms
  A dart slug (D:3)
  24 orcs
  5 bats
  7 endoplasms
  4 giant cockroaches
  4 gnoll zombies (Ossuary)
  2 goblins
  11 hobgoblins
  A jackal (D:5)
  7 kobolds
  2 quokkas
  5 ball pythons
  4 frilled lizards (D:1)
  A gnoll skeleton (Ossuary)
  3 goblin skeletons (Ossuary)
  5 goblin zombies (Ossuary)
  4 hobgoblin skeletons (Ossuary)
  6 hobgoblin zombies (Ossuary)
  4 kobold skeletons (Ossuary)
  2 kobold zombies (Ossuary)
  5 orc skeletons (Ossuary)
  4 orc zombies (Ossuary)
  2 rats
  8 rat skeletons (Ossuary)
  4 rat zombies (Ossuary)
  A spectral orc (D:3)
194 creatures vanquished.

Vanquished Creatures (others)
  An ogre (D:4)
  A hound (D:4)
  2 orc wizards (D:4)
  Natasha (D:4)
  2 dart slugs (D:4)
  An orc (D:4)
  An endoplasm (D:4)
  A goblin (D:4)
  10 plants (D:4)
20 creatures vanquished.

Grand Total: 214 creatures vanquished

Notes
Turn   | Place    | Note
-------+----------+-------------------------------------------
     0 | D:1      | pkoi the Troll Monk began the quest for the Orb.
     0 | D:1      | Reached XP level 1. HP: 22/22 MP: 0/0
   233 | D:1      | Found a faded altar of an unknown god.
   241 | D:1      | Became a worshipper of Nemelex Xobeh the Trickster
   241 | D:1      | Reached * piety under Nemelex Xobeh
   241 | D:1      | Received a gift from Nemelex Xobeh
   241 | D:1      | Reached ** piety under Nemelex Xobeh
   241 | D:1      | Received a gift from Nemelex Xobeh
   358 | D:1      | Reached XP level 2. HP: 29/29 MP: 1/1
   631 | D:2      | Reached skill level 1 in Invocations
   633 | D:2      | Reached XP level 3. HP: 35/36 MP: 1/3
   635 | D:2      | Reached skill level 4 in Unarmed Combat
   777 | D:2      | You fall into a shaft and drop 2 floors!
   785 | D:4      | Killed Natasha
   804 | D:4      | Killed an ogre
   828 | D:4      | Reached XP level 4. HP: 43/44 MP: 4/4
   876 | D:3      | Reached *** piety under Nemelex Xobeh
  1019 | D:2      | Received a gift from Nemelex Xobeh
  1247 | D:3      | Identified a scroll of acquirement
  1247 | D:3      | Acquired 677 gold pieces
  1256 | D:3      | Found a hide-covered altar of Uskayaw.
  1294 | D:3      | Reached XP level 5. HP: 50/50 MP: 4/6
  1600 | D:3      | Found a basalt altar of Yredelemnul.
  1721 | D:3      | Found a stormy altar of Qazlal.
  2044 | D:3      | Found an ornate altar of the Wu Jian Council.
  2056 | D:3      | Found a broken altar of Ashenzari.
  2123 | D:3      | Reached skill level 5 in Unarmed Combat
  2246 | D:4      | Reached **** piety under Nemelex Xobeh
  2291 | D:4      | Noticed Natasha
  2297 | D:4      | Killed Natasha
  2325 | D:4      | Reached XP level 6. HP: 58/59 MP: 7/7
  2380 | D:4      | Found a shimmering blue altar of Sif Muna.
  2389 | D:4      | Received a gift from Nemelex Xobeh
  2471 | D:4      | Found a shimmering altar of Xom.
  2514 | D:4      | Noticed Natasha
  2518 | D:4      | Killed Natasha
  3015 | D:5      | Entered Level 5 of the Dungeon
  3024 | D:5      | Noticed a wyvern
  3029 | D:5      | Killed a wyvern
  3030 | D:5      | Reached skill level 6 in Unarmed Combat
  3030 | D:5      | Reached XP level 7. HP: 57/66 MP: 9/9
  3044 | D:5      | Identified the +5 hunting sling "Qovup" {venom, rF+}
  3090 | D:5      | Received a gift from Nemelex Xobeh
  3344 | D:5      | Found a sand-covered staircase.
  3358 | Ossuary  | Entered an ossuary
  3544 | Ossuary  | Reached skill level 5 in Invocations
  3569 | Ossuary  | Received a gift from Nemelex Xobeh
  3650 | Ossuary  | Noticed Menkaure
  3656 | Ossuary  | Killed Menkaure
  3815 | D:5      | Reached ***** piety under Nemelex Xobeh
  3929 | D:5      | Reached skill level 7 in Unarmed Combat
  3941 | D:5      | Received a gift from Nemelex Xobeh
  3962 | D:5      | Found an ancient bone altar of Kikubaaqudgha.
  3983 | D:5      | Reached skill level 1 in Armour
  3983 | D:5      | Reached XP level 8. HP: 63/74 MP: 9/11
  4282 | D:5      | Noticed Pikel
  4435 | D:5      | Killed Pikel
  4566 | D:6      | Acquired a +2 cloak of preservation
  4671 | D:6      | Reached skill level 8 in Unarmed Combat
  4831 | D:6      | Reached XP level 9. HP: 53/83 MP: 13/13
  4903 | D:6      | Received a gift from Nemelex Xobeh
  5431 | D:7      | Reached skill level 9 in Unarmed Combat
  5466 | D:7      | Found a staircase to the Ecumenical Temple.
  5592 | Temple   | Entered the Ecumenical Temple
  5966 | D:7      | Received a gift from Nemelex Xobeh
  6053 | D:7      | Noticed a manticore
  6054 | D:7      | Noticed a jumping spider
  6054 | D:7      | a yak changed into a jumping spider
  6054 | D:7      | Noticed a swamp dragon
  6054 | D:7      | a manticore changed into a swamp dragon
  6054 | D:7      | Noticed a merfolk
  6054 | D:7      | a yak changed into a merfolk
  6054 | D:7      | Noticed a polar bear
  6054 | D:7      | a yak changed into a polar bear
  6063 | D:6      | Succumbed to a swamp dragon's poison gas

Illustrated notes

Levels and vault maps discovered:
D:1:      dpeg_arrival_boxorama, layout_basic,
          hellmonk_ecumenical_altar_arch_garden, chequers_serial_rivers_large_b
D:2:      layout_rooms
D:3:      layout_loops_corners, yredelemnul_forgotten_temple_becter,
          nicolae_qazlal_general_emergency, nicolae_uskayaw_dance_hall,
          amethyst_overflow_temple_binary, minmay_fractal_squares_gapless_5
D:4:      layout_loops_corners, xom_confusion_cloud,
          mainiacjoe_overflow_cross_hatched, uniq_natasha
D:5:      layout_gridville, mainiacjoe_overflow_paths,
          gup_ossuary_entry_pyramid, uniq_pikel
D:6:      layout_loops_corners
D:7:      layout_gridville, minmay_temple_entry_glass, gammafunk_ghost_hive,
          kennysheep_generic_room_4, uniq_duvessa
Temple:   grunt_temple_mini_profane

Skill      XL: |  1  2  3  4  5  6  7  8  9 |
---------------+----------------------------+-----
Invocations    | 1 2 3 4 5 7 8 |  8.3
Unarmed Combat | 4 5 6 7 8 9 |  9.8
Armour         | 1 2 |  2.1
Fighting       | 3 |  3.4
Dodging        | |  2.4
Stealth        | |  1.0

Action                   |  1- 3 |  4- 6 |  7- 9 || total
-------------------------+-------+-------+-------++-------
Melee: Unarmed           |    53 |   171 |   291 ||   515
       Punch             |       |     4 |     6 ||    10
Invok: Draw Destruction  |     6 |     1 |    17 ||    24
  Use: Scroll            |       |     8 |     6 ||    14
 Stab: Sleeping          |     2 |     4 |     2 ||     8
Armor: Robe              |    15 |    42 |    65 ||   122
Dodge: Dodged            |    42 |    79 |   114 ||   235
Block: Other             |       |     5 |    46 ||    51
       Reflection        |       |     1 |     2 ||     3
